BSA
NASSAU ROCKETS @ MAUI TROPICS
03/11/2029
 
TOP OF THE 1ST
Nassau Rockets batting - Pitching for Maui Tropics : RHP Júlio González
Pitching: RHP Júlio González
Batting: LHB Andrew Alvarado 0-0: Called Strike
0-1: Ball
1-1: Fly out, F8 (Line Drive, 8LD)
Batting: SHB Joaquín López 0-0: Foul Ball, location: 2F
0-1: Swinging Strike
0-2: Ball
1-2: Ball
2-2: Ball
3-2: Base on Balls
Batting: LHB Don Ramey 0-0: Called Strike
0-1: Called Strike
0-2: Ball
1-2: Ball
2-2: Ball
3-2: Foul Ball, location: 2F
3-2: SINGLE (Groundball, 6MD)
Joaquín López to second
Runner from 2nd tries for 3rd, OUT!
Batting: LHB Wilson Allen 0-0: Ball
1-0: Foul Ball, location: 2F
1-1: Fly out, F7 (Flyball, 7)
Top of the 1st over - 0 runs, 1 hit, 0 errors, 1 left on base; Nassau 0 - Maui 0
BOTTOM OF THE 1ST
Maui Tropics batting - Pitching for Nassau Rockets : RHP Sid Allen
Pitching: RHP Sid Allen
Batting: LHB Mike Pearson 0-0: Foul Ball, location: 2F
0-1: Swinging Strike
0-2: Ball
1-2: SINGLE (Groundball, 13S) (infield hit)
Batting: RHB Matt Silver 0-0: Called Strike
0-1: Ball
1-1: Called Strike
1-2: Fly out, F3 (Line Drive, 3)
Lined into DP, U3 (Line Drive, 3)
Batting: RHB Jesús Espinoza 0-0: Foul Ball, location: 2F
0-1: Ball
1-1: Ball
2-1: Ball
3-1: Foul Ball, location: 2F
3-2: Base on Balls
Batting: RHB Luis Alou 0-0: Foul Ball, location: 2F
0-1: Foul Ball, location: 2F
0-2: Ball
1-2: Fly out, F9 (Flyball, 89S)
Bottom of the 1st over - 0 runs, 1 hit, 0 errors, 1 left on base; Nassau 0 - Maui 0
TOP OF THE 2ND
Nassau Rockets batting - Pitching for Maui Tropics : RHP Júlio González
Batting: RHB Salvador Borbón 0-0: Ground out U3 (Groundball, 3L)
Batting: LHB Dusty Wilson 0-0: Ball
1-0: Foul Ball, location: 2F
1-1: Foul Ball, location: 2F
1-2: Ball
2-2: Foul Ball, location: 2F
2-2: Foul Ball, location: 2F
2-2: Strikes out swinging
Batting: LHB Juan Romero 0-0: Fly out, F9 (Flyball, 89S)
Top of the 2nd over - 0 runs, 0 hits, 0 errors, 0 left on base; Nassau 0 - Maui 0
BOTTOM OF THE 2ND
Maui Tropics batting - Pitching for Nassau Rockets : RHP Sid Allen
Batting: LHB Luis Antonio Torres 0-0: Foul Ball, location: 2F
0-1: Swinging Strike
0-2: Ball
1-2: DOUBLE (Line Drive, 9LM)
Batting: LHB Dave Cook 0-0: Called Strike
0-1: Ground out 5-3 (Groundball, 5L)
Batting: LHB José Rivas 0-0: SINGLE (Flyball, 7S)
Luis Antonio Torres to third
Runner from 3rd tries for Home, SAFE, throw made home
José Rivas to second
Batting: RHB Michael Woodruff 0-0: Ball
1-0: Foul Ball, location: 2F
1-1: Ball
2-1: Ground out 3-1 (Groundball, 34)
José Rivas to third
Batting: RHB Roberto Gómez 0-0: Called Strike
0-1: Foul Ball, location: 2F
0-2: Ball
1-2: Ball
2-2: Ball
3-2: Ground out 4-3 (Groundball, 4S)
Bottom of the 2nd over - 1 run, 2 hits, 0 errors, 1 left on base; Nassau 0 - Maui 1
TOP OF THE 3RD
Nassau Rockets batting - Pitching for Maui Tropics : RHP Júlio González
Batting: RHB Kenji Kudo 0-0: Called Strike
0-1: Ball
1-1: Called Strike
1-2: Ball
2-2: Ground out U3 (Groundball, 3L)
Batting: LHB Shiro Ueno 0-0: Ball
1-0: Ball
2-0: Fly out, F4 (Line Drive, 4)
Batting: LHB Andrew Alvarado 0-0: Ball
1-0: Ball
2-0: Ball
3-0: Called Strike
3-1: Fly out, F7 (Flyball, 7D)
Top of the 3rd over - 0 runs, 0 hits, 0 errors, 0 left on base; Nassau 0 - Maui 1
BOTTOM OF THE 3RD
Maui Tropics batting - Pitching for Nassau Rockets : RHP Sid Allen
Batting: LHB Mike Pearson 0-0: Ball
1-0: Fly out, F7 (Flyball, 7)
Batting: RHB Matt Silver 0-0: Ground out 6-3 (Groundball, 6)
Batting: RHB Jesús Espinoza 0-0: SINGLE (Groundball, 6MD)
Batting: RHB Luis Alou 0-0: Swinging Strike
0-1: Foul Ball, location: 2F
0-2: Ball
1-2: Ball
2-2: SINGLE (Groundball, 34D)
Jesús Espinoza to second
Runner from 2nd tries for 3rd, SAFE, throw made to third
Now in RF: Doug Thompson
Batting: LHB Luis Antonio Torres 0-0: Fielders Choice at 2nd, 5-4 (Groundball, 5)
Bottom of the 3rd over - 0 runs, 2 hits, 0 errors, 2 left on base; Nassau 0 - Maui 1
TOP OF THE 4TH
Nassau Rockets batting - Pitching for Maui Tropics : RHP Júlio González
Batting: SHB Joaquín López 0-0: SINGLE (Flyball, 89M)
Batting: LHB Doug Thompson 0-0: Fly out, F3 (Line Drive, 3)
Batting: LHB Wilson Allen 0-0: Ball
1-0: Swinging Strike
1-1: Grounds into double play, 6-4-3 (Groundball, 6)
Top of the 4th over - 0 runs, 1 hit, 0 errors, 0 left on base; Nassau 0 - Maui 1
BOTTOM OF THE 4TH
Maui Tropics batting - Pitching for Nassau Rockets : RHP Sid Allen
Batting: LHB Dave Cook 0-0: Foul Ball, location: 2F
0-1: Ball
1-1: Ground out 4-3 (Groundball, 4)
Batting: LHB José Rivas 0-0: Foul Ball, location: 2F
0-1: Ball
1-1: Ball
2-1: Foul Ball, location: 2F
2-2: Ground out U3 (Groundball, 34)
Batting: RHB Michael Woodruff 0-0: Called Strike
0-1: Swinging Strike
0-2: Ball
1-2: Ball
2-2: Ball
3-2: Strikes out looking
Bottom of the 4th over - 0 runs, 0 hits, 0 errors, 0 left on base; Nassau 0 - Maui 1
TOP OF THE 5TH
Nassau Rockets batting - Pitching for Maui Tropics : RHP Júlio González
Pitching: RHP José García
Batting: RHB Salvador Borbón 0-0: Ball
1-0: Ground out 4-3 (Groundball, 4)
Batting: LHB Dusty Wilson 0-0: Foul Ball, location: 2F
0-1: Ball
1-1: SINGLE (Flyball, 7S)
Batting: LHB Juan Romero 0-0: Called Strike
0-1: Ball
1-1: Ball
2-1: Grounds into double play, 5-4-3 (Groundball, 5)
Top of the 5th over - 0 runs, 1 hit, 0 errors, 0 left on base; Nassau 0 - Maui 1
BOTTOM OF THE 5TH
Maui Tropics batting - Pitching for Nassau Rockets : RHP Suezo Morimoto
Pitching: RHP Suezo Morimoto
Batting: RHB Roberto Gómez 0-0: Ball
1-0: Ball
2-0: Ball
3-0: Called Strike
3-1: Foul Ball, location: 2F
3-2: SINGLE (Groundball, 6MD)
Batting: LHB Mike Pearson 0-0: Called Strike
Roberto Gómez steals 2nd base
0-1: Foul Ball, location: 2F
0-2: Ball
1-2: Foul Ball, location: 2F
1-2: Strikes out swinging
Batting: RHB Matt Silver 0-0: SINGLE (Flyball, 89S)
Roberto Gómez to third
Batting: RHB Jesús Espinoza 0-0: Ball
1-0: Called Strike
1-1: Fly out, F9 (Flyball, 9D)
Runner from 3rd tags up, SCORES, no throw
Batting: RHB Luis Alou 0-0: Ball
1-0: DOUBLE (Line Drive, 9LD)
Matt Silver to third
Runner from 3rd tries for Home, SAFE, no throw
Batting: LHB Luis Antonio Torres 0-0: Called Strike
0-1: Called Strike
0-2: Ball
1-2: Ball
2-2: Ball
3-2: Ground out 6-3 (Groundball, 6)
Bottom of the 5th over - 2 runs, 3 hits, 0 errors, 1 left on base; Nassau 0 - Maui 3
TOP OF THE 6TH
Nassau Rockets batting - Pitching for Maui Tropics : RHP José García
Batting: RHB Kenji Kudo 0-0: Called Strike
0-1: Ball
1-1: Ball
2-1: Ball
3-1: Base on Balls
Batting: LHB Shiro Ueno 0-0: Called Strike
0-1: Reached on error, E6 (Groundball, 6M)
Kenji Kudo to second
Batting: LHB Andrew Alvarado 0-0: Ball
1-0: Ball
2-0: Ground out U3 (Groundball, 3S)
Kenji Kudo to third
Shiro Ueno to second
Batting: SHB Joaquín López 0-0: Called Strike
0-1: Ball
1-1: Foul Ball, location: 2F
1-2: Fly out, F7 (Line Drive, 78S)
Runner from 3rd tags up, SCORES, no throw
Batting: LHB Doug Thompson 0-0: Called Strike
0-1: Swinging Strike
0-2: Foul Ball, location: 2F
0-2: Ball
1-2: Strikes out looking
Top of the 6th over - 1 run, 0 hits, 1 error, 1 left on base; Nassau 1 - Maui 3
BOTTOM OF THE 6TH
Maui Tropics batting - Pitching for Nassau Rockets : RHP Suezo Morimoto
Pitching: RHP Juan Franco
Batting: LHB Dave Cook 0-0: Called Strike
0-1: Called Strike
0-2: Ball
1-2: Ball
2-2: Strikes out swinging
Batting: LHB José Rivas 0-0: Called Strike
0-1: Swinging Strike
0-2: Ball
1-2: Fly out, F7 (Flyball, 7)
Batting: RHB Michael Woodruff 0-0: Foul Ball, location: 2F
0-1: Foul Ball, location: 2F
0-2: Foul Ball, location: 2F
0-2: Ball
1-2: Fly out, F8 (Flyball, 8LM)
Bottom of the 6th over - 0 runs, 0 hits, 0 errors, 0 left on base; Nassau 1 - Maui 3
TOP OF THE 7TH
Nassau Rockets batting - Pitching for Maui Tropics : RHP José García
Batting: LHB Wilson Allen 0-0: Called Strike
0-1: Foul Ball, location: 2F
0-2: Ball
1-2: Strikes out swinging
Batting: RHB Salvador Borbón 0-0: Swinging Strike
0-1: Ball
1-1: Foul Ball, location: 2F
1-2: SINGLE (Groundball, 56D)
Batting: LHB Dusty Wilson 0-0: Foul Ball, location: 2F
0-1: Ball
1-1: Ball
2-1: Ball
3-1: Called Strike
3-2: SINGLE (Line Drive, 4M)
Salvador Borbón to second
Batting: LHB Juan Romero 0-0: Called Strike
Salvador Borbón steals 3rd base
Dusty Wilson to second
0-1: Foul Ball, location: 2F
0-2: Ball
1-2: Ground out 6-3 (Groundball, 6)
Pinch Hitting: SHB Edgardo Osorio 0-0: Ball
1-0: Swinging Strike
1-1: Ground out 5-3 (Groundball, 5)
Top of the 7th over - 0 runs, 2 hits, 0 errors, 2 left on base; Nassau 1 - Maui 3
BOTTOM OF THE 7TH
Maui Tropics batting - Pitching for Nassau Rockets : RHP Juan Franco
Now in CF: Edgardo Osorio
Batting: RHB Roberto Gómez 0-0: Called Strike
0-1: Swinging Strike
0-2: Strikes out looking
Pinch Hitting: LHB Ernesto López 0-0: Foul Ball, location: 2F
0-1: Called Strike
0-2: TRIPLE (Flyball, 9D)
Pinch Hitting: RHB Lonson Seals 0-0: Called Strike
0-1: Foul Ball, location: 2F
0-2: Ball
1-2: Strikes out swinging
Pinch Hitting: LHB Mark Everett 0-0: Ball
1-0: Ball
2-0: SINGLE (Groundball, 6MD)
Ernesto López scores
Pinch Hitting: RHB John Brown 0-0: Foul Ball, location: 2F
0-1: Ball
1-1: Foul Ball, location: 2F
1-2: Foul Ball, location: 2F
1-2: SINGLE (Groundball, 56D)
Mark Everett to second
Pinch Hitting: LHB Don Hull 0-0: Called Strike
0-1: Swinging Strike
0-2: Strikes out swinging
Bottom of the 7th over - 1 run, 3 hits, 0 errors, 2 left on base; Nassau 1 - Maui 4
TOP OF THE 8TH
Nassau Rockets batting - Pitching for Maui Tropics : RHP José García
Now at 1B: Mark Everett
Now at 2B: John Brown
Now at 3B: Juan Medina
Now at SS: Dan Dunn
Now in LF: Ernesto López
Batting: LHB Shiro Ueno 0-0: Ball
1-0: Ground out U3 (Groundball, 3L)
Pinch Hitting: RHB Brant Sherman 0-0: Called Strike
0-1: Swinging Strike
0-2: SOLO HOME RUN (Flyball, 89XD), Distance : 432 ft
Pinch Hitting: LHB Rafael Delgado 0-0: Ball
1-0: Ball
2-0: Ball
3-0: Called Strike
3-1: Foul Ball, location: 2F
3-2: Base on Balls
Pitching: LHP Kent Robinson
Batting: LHB Doug Thompson 0-0: Ball
1-0: Called Strike
1-1: Ball
2-1: Fly out, F7 (Flyball, 78S)
Pinch Hitting: RHB Pete Harvey 0-0: Called Strike
0-1: Swinging Strike
0-2: Ground out 5-3 (Groundball, 56S)
Top of the 8th over - 1 run, 1 hit, 0 errors, 1 left on base; Nassau 2 - Maui 4
BOTTOM OF THE 8TH
Maui Tropics batting - Pitching for Nassau Rockets : RHP Juan Franco
Now at 1B: Pete Harvey
Now in CF: Rafael Delgado
Now in RF: Brant Sherman
Batting: RHB Nick Simmons 0-0: Ground out U3 (Groundball, 3L)
Batting: LHB José Rivas 0-0: Called Strike
0-1: Ball
1-1: Foul Ball, location: 2F
1-2: Foul Ball, location: 2F
1-2: Ball
2-2: Foul Ball, location: 2F
2-2: Foul Ball, location: 2F
2-2: Foul Ball, location: 2F
2-2: Foul Ball, location: 2F
2-2: SOLO HOME RUN (Line Drive, 7LD), Distance : 353 ft
Pitching: LHP Dave Miller
Batting: RHB Michael Woodruff 0-0: Called Strike
0-1: Foul Ball, location: 2F
0-2: Foul Ball, location: 2F
0-2: Strikes out looking
Batting: RHB Roberto Gómez 0-0: Ball
1-0: Swinging Strike
1-1: Ball
2-1: Foul Ball, location: 2F
2-2: Foul Ball, location: 2F
2-2: SINGLE (Line Drive, 78M)
Batting: LHB Ernesto López 0-0: Ground out U3 (Groundball, 3)
Bottom of the 8th over - 1 run, 2 hits, 0 errors, 1 left on base; Nassau 2 - Maui 5
TOP OF THE 9TH
Nassau Rockets batting - Pitching for Maui Tropics : LHP Kent Robinson
Pinch Hitting: RHB Bill Little 0-0: Called Strike
0-1: SINGLE (Groundball, 56S) (infield hit)
Batting: RHB Tommy Davenport 0-0: Called Strike
0-1: Ball
1-1: Called Strike
1-2: Ball
2-2: SINGLE (Groundball, 4MD)
Bill Little to second
Pinch Hitting: RHB Jesús Villalobos 0-0: Called Strike
0-1: Ball
1-1: Ball
2-1: Ball
3-1: Grounds into double play, 5-4-3 (Groundball, 56)
Bill Little to third
Batting: SHB Edgardo Osorio 0-0: 2-RUN HOME RUN (Flyball, 7D), Distance : 385 ft
Pitching: LHP Júlio Aguilar
Pinch Hitting: SHB Pepe Piña 0-0: Ball
1-0: Ball
2-0: Foul Ball, location: 2F
2-1: Foul Ball, location: 2F
2-2: Strikes out swinging
Top of the 9th over - 2 runs, 3 hits, 0 errors, 0 left on base; Nassau 4 - Maui 5
Saturday, December 16th, 2017 - OOTP Baseball 18.8 Build 76